Sabres vs Lightning

Created - March 25, 2017 at 10:10

Goals
1 2 3 OT1 T
Sabres 2 1 2 1 6
Lightning 2 2 1 0 5
Shots
1 2 3 OT1 T
Sabres 8 9 8 1 26
Lightning 10 13 15 0 38

1st period

1. Sabres , Nino Niederreiter 28 (Dan Girardi) at 0:09
2. Lightning , Patric Hornqvist 23 (Henrik Sedin) at 0:13
3. Lightning , Jeff Carter 19 (Travis Zajac) at 6:50
4. Sabres , Bo Horvat 26 (Rasmus Ristolainen, Dan Girardi) at 11:41

Penalties :
Christian Ehrhoff (TBL) for Tripping (Minor) at 0:41, Johnny Oduya (BUF) for High sticking (Minor) at 7:35, Kevin Klein (TBL) for Cross-checking (Minor) at 18:21

2nd period

5. Lightning , Patric Hornqvist 24 (Henrik Sedin, Andrej Sekera) at 1:15
6. Lightning , Henrik Sedin 17 (Tomas Fleischmann) at 6:24
7. Sabres , Ryan Nugent-Hopkins 21 (Thomas Vanek, Jake McCabe) at 11:57

Penalties :
Brian Campbell (BUF) for Holding (Minor) at 1:29

3rd period

8. Sabres , Lars Eller 12 (Rasmus Ristolainen, Bo Horvat) at 8:58
9. Sabres , Kyle Turris 18 (Nino Niederreiter, Jason Zucker) at 14:46
10. Lightning , Patric Hornqvist 25 (Tomas Fleischmann, Henrik Sedin) at 17:18

Penalties :
Andrej Sekera (TBL) for Holding (Minor) at 11:40

Overtime #1

11. Sabres , Kyle Turris 19 (Bo Horvat, Johnny Oduya) at 0:10

Penalties :
No Penalty

Goalie Stats

Thomas Greiss (BUF), 23 saves from 24 shots - (0.958), W, 12-8-2, 33:47 minutes
Ondrej Pavelec (BUF), 10 saves from 14 shots - (0.714), 26:24 minutes
Jaroslav Halak (TBL), 20 saves from 26 shots - (0.769), OTL, 22-24-5, 60:11 minutes

Players Stats for Sabres

Player Name              G  A  P  +/- PIM S  H  SB GA TA FO     MP     PP MP  PK MP  
------------------------------------------------------------------------------------
Anders Lee               0  0  0   0  0   0  1  0  0  0  0/1     5:05   0:00   0:09 
Bo Horvat                1  2  3   1  0   5  0  0  0  0  9/23   21:34   3:53   2:19 
Brett Connolly           0  0  0   1  0   2  4  0  0  0  1/4    19:04   3:53   0:00 
Brian Campbell           0  0  0  -2  2   0  1  0  0  0  0/0    20:43   1:48   0:51 
Cody Franson             0  0  0   1  0   0  1  0  0  0  0/0    14:30   0:00   1:29 
Dan Girardi              0  2  2   1  0   0  4  1  0  0  0/0    24:47   4:09   2:20 
Jake McCabe              0  1  1   1  0   1  0  1  0  0  0/0    14:27   0:00   0:34 
Jason Zucker             0  1  1  -1  0   1  1  0  0  0  0/2    21:01   2:04   0:00 
Johnny Oduya             0  1  1  -2  2   0  1  0  0  0  0/0    21:31   1:48   0:47 
Kris Versteeg            0  0  0   0  0   0  1  0  0  0  0/1    11:01   0:00   0:00 
Kyle Turris              2  0  2  -1  0   3  1  0  0  0  20/38  23:50   2:04   2:38 
Lars Eller               1  0  1   1  0   3  1  1  0  0  1/1    19:04   3:53   0:00 
Nino Niederreiter        1  1  2  -1  0   6  0  0  0  0  0/0    22:12   2:04   1:11 
Patrick Eaves            0  0  0   0  0   2  0  0  0  0  0/0     4:56   0:00   0:00 
Rasmus Ristolainen       0  2  2   1  0   1  0  3  0  0  0/0    24:22   4:09   1:55 
Ryan Nugent-Hopkins      1  0  1   0  0   2  0  0  0  0  8/12   12:40   0:00   1:39 
Thomas Vanek             0  1  1   0  0   0  2  0  0  0  0/1    11:01   0:00   0:00 
Zach Hyman               0  0  0   0  0   0  1  0  0  0  3/7     4:56   0:00   0:00 

Players Stats for Lightning

Player Name              G  A  P  +/- PIM S  H  SB GA TA FO     MP     PP MP  PK MP  
------------------------------------------------------------------------------------
Andre Benoit             0  0  0  -2  0   1  1  1  0  0  0/0    14:31   0:00   1:48 
Andrej Sekera            0  1  1  -2  2   0  0  1  0  0  0/0    23:03   2:18   2:26 
Christian Ehrhoff        0  0  0  -2  2   0  0  0  0  0  0/0    13:20   0:00   0:38 
David Schlemko           0  0  0   4  0   1  0  0  0  0  0/0    22:05   1:40   1:54 
Eric Fehr                0  0  0  -1  0   3  0  0  0  0  9/15   12:17   0:00   1:39 
Erik Gudbranson          0  0  0   4  0   0  3  1  0  0  0/0    23:56   1:40   3:03 
Henrik Sedin             1  3  4   2  0   4  0  0  0  0  17/24  18:04   2:06   0:29 
Jeff Carter              1  0  1  -1  0   2  4  0  0  0  1/2    20:14   0:00   0:00 
Johnny Gaudreau          0  0  0  -1  0   7  0  1  0  0  0/0    22:09   1:52   0:03 
Kevin Klein              0  0  0  -2  2   1  4  1  0  0  0/0    23:24   2:18   2:05 
Nick Spaling             0  0  0  -1  0   1  1  0  0  0  0/0    13:09   0:00   2:31 
Patric Hornqvist         3  0  3   2  0   6  5  0  0  0  0/4    15:40   0:00   0:00 
Radim Vrbata             0  0  0   0  0   1  0  0  0  0  0/0     3:55   0:00   0:00 
Teddy Purcell            0  0  0   0  0   0  0  0  0  0  0/0     2:06   2:06   0:00 
Tobias Rieder            0  0  0   0  0   1  0  0  0  0  4/11    9:25   1:52   3:49 
Tomas Fleischmann        0  2  2   2  0   1  0  0  0  0  0/2    19:13   0:00   0:00 
Travis Zajac             0  1  1  -1  0   6  0  0  0  0  17/32  22:06   1:52   0:00 
Troy Brouwer             0  0  0  -1  0   3  3  1  0  0  0/0    16:07   2:06   3:23 

3 Stars

1 - Patric Hornqvist (TBL)
2 - Henrik Sedin (TBL)
3 - Bo Horvat (BUF)

Power Play

Sabres - 0 on 3 Attempt(s) - 0.00%
Lightning - 0 on 2 Attempt(s) - 0.00%

Penalty Kill

Sabres - 2 on 2 Attempt(s) - 100.00% - Score 0 goal in Penalty Kill
Lightning - 3 on 3 Attempt(s) - 100.00% - Score 0 goal in Penalty Kill

Team Stat

Sabres - Hits : 19 - Faceoff Wins : 42 - Blocked Shots : 6 - Penalty Minutes : 4
Lightning - Hits : 21 - Faceoff Wins : 48 - Blocked Shots : 6 - Penalty Minutes : 6

Official

Referees : Tom Chmielewski and Gord Dwyer
Linesman : Brian Mach and Greg Devorski

Game Notes

Thomas Greiss enters game at 6:24 of 2nd period
Patric Hornqvist has scored a Hat Trick!

Finance

Level 1 -- Attendance: 5422 (83.42%) -- Ticket Income $596,420
Level 2 -- Attendance: 3421 (68.42%) -- Ticket Income $324,995
Level 3 -- Attendance: 2009 (57.40%) -- Ticket Income $150,675
Level 4 -- Attendance: 1862 (58.11%) -- Ticket Income $83,790
Luxury Box -- Attendance: 460 (46.00%) -- Ticket Income $165,600
Game was played at the Amalie Arena.
Total Attendance: 13174 (68.60%)
Total Ticket Income: $1,321,480
Other Income: $198,222
Total Income: $1,519,702

% Time on Ice - Sabres

Lines # - Real PCT - Wanted PCT - Time Play
Normal Forward
1 - 38% - 40% - 18:57
2 - 30% - 30% - 15:11
3 - 22% - 20% - 11:01
4 - 10% - 10% - 4:56
Normal Defense
1 - 34% - 40% - 17:11
2 - 37% - 30% - 18:46
3 - 26% - 20% - 13:01
4 - 2% - 10% - 1:07
PP Forward
1 - 35% - 60% - 2:04
2 - 65% - 40% - 3:53
PP Defense
1 - 70% - 60% - 4:09
2 - 30% - 40% - 1:48
PK Forward
1 - 70% - 60% - 2:47
2 - 30% - 40% - 1:11
PK Defense
1 - 48% - 60% - 1:55
2 - 52% - 40% - 2:03
PK3 Forward
1 - 0% - 60%
2 - 0% - 40%
PK3 Defense
1 - 0% - 60%
2 - 0% - 40%
44 Forward
1 - 0% - 60%
2 - 0% - 40%
44 Defense
1 - 0% - 60%
2 - 0% - 40%
Last Minute Offensive  - 0:00
Last Minute Defensive  - 0:00
Total
Forward - 60:00
Defense - 60:00

% Time on Ice - Lightning

Lines # - Real PCT - Wanted PCT - Time Play
Normal Forward
1 - 40% - 40% - 20:14
2 - 31% - 30% - 15:29
3 - 21% - 20% - 10:38
4 - 7% - 10% - 3:44
Normal Defense
1 - 37% - 40% - 18:20
2 - 37% - 30% - 18:31
3 - 25% - 20% - 12:43
4 - 1% - 10% - 0:31
PP Forward
1 - 47% - 60% - 1:52
2 - 53% - 40% - 2:06
PP Defense
1 - 58% - 60% - 2:18
2 - 42% - 40% - 1:40
PK Forward
1 - 72% - 60% - 4:18
2 - 28% - 40% - 1:39
PK Defense
1 - 61% - 60% - 3:36
2 - 39% - 40% - 2:21
PK3 Forward
1 - 0% - 60%
2 - 0% - 40%
PK3 Defense
1 - 0% - 60%
2 - 0% - 40%
44 Forward
1 - 0% - 60%
2 - 0% - 40%
44 Defense
1 - 0% - 60%
2 - 0% - 40%
Last Minute Offensive  - 0:00
Last Minute Defensive  - 0:00
Total
Forward - 60:00
Defense - 60:00

Play by Play

1st period


0:01 of 1st period - Travis Zajac wins face-off versus Kyle Turris in neutral zone.
0:09 of 1st period - Shot by Nino Niederreiter.
0:09 of 1st period - Goal by Nino Niederreiter - Sabres : 1 - Lightning : 0.
0:10 of 1st period - Henrik Sedin wins face-off versus Bo Horvat in neutral zone.
0:13 of 1st period - Shot by Patric Hornqvist.
0:13 of 1st period - Goal by Patric Hornqvist - Sabres : 1 - Lightning : 1.
0:14 of 1st period - Eric Fehr wins face-off versus Ryan Nugent-Hopkins in neutral zone.
0:17 of 1st period - Kris Versteeg is hit by Troy Brouwer and loses puck.
0:26 of 1st period - Shot by Kris Versteeg.
0:26 of 1st period - Deflect By Thomas Vanek.
0:26 of 1st period - Shot Misses the Net.
0:41 of 1st period - Minor Penalty to Christian Ehrhoff for Tripping.
0:42 of 1st period - Kyle Turris wins face-off versus Tobias Rieder in Lightning zone.
1:39 of 1st period - Troy Brouwer is hit by Lars Eller and loses puck.
2:51 of 1st period - Icing by Travis Zajac.
2:52 of 1st period - Travis Zajac wins face-off versus Ryan Nugent-Hopkins in Lightning zone.
2:52 of 1st period - Travis Zajac is hit by Thomas Vanek.
2:58 of 1st period - Shot by Jeff Carter.
2:58 of 1st period - Shot Blocked by Jake McCabe.
3:18 of 1st period - Shot by Travis Zajac.
3:18 of 1st period - Deflect By Johnny Gaudreau.
3:18 of 1st period - Stopped by Ondrej Pavelec without a rebound.
3:19 of 1st period - Kyle Turris wins face-off versus Patric Hornqvist in Sabres zone.
3:19 of 1st period - Kyle Turris is hit by Patric Hornqvist.
3:46 of 1st period - Henrik Sedin is hit by Dan Girardi and loses puck.
3:51 of 1st period - Shot by Henrik Sedin.
3:51 of 1st period - Stopped by Ondrej Pavelec with a rebound.
4:20 of 1st period - Icing by Erik Gudbranson.
4:21 of 1st period - Travis Zajac wins face-off versus Bo Horvat in Lightning zone.
4:26 of 1st period - Shot by Lars Eller.
4:26 of 1st period - Stopped by Jaroslav Halak without a rebound.
4:27 of 1st period - Bo Horvat wins face-off versus Travis Zajac in Lightning zone.
5:36 of 1st period - Off-side.
5:37 of 1st period - Kyle Turris wins face-off versus Henrik Sedin in neutral zone.
5:46 of 1st period - Shot by Jason Zucker.
5:46 of 1st period - Deflect By Nino Niederreiter.
5:46 of 1st period - Stopped by Jaroslav Halak without a rebound.
5:47 of 1st period - Kyle Turris wins face-off versus Tobias Rieder in Lightning zone.
5:47 of 1st period - Kyle Turris is hit by Kevin Klein.
6:13 of 1st period - Shot by Tobias Rieder.
6:13 of 1st period - Shot Blocked by Rasmus Ristolainen.
6:44 of 1st period - Icing by Erik Gudbranson.
6:45 of 1st period - Travis Zajac wins face-off versus Ryan Nugent-Hopkins in Lightning zone.
6:50 of 1st period - Shot by Jeff Carter.
6:50 of 1st period - Goal by Jeff Carter - Sabres : 1 - Lightning : 2.
6:51 of 1st period - Bo Horvat wins face-off versus Travis Zajac in neutral zone.
7:12 of 1st period - Shot by Jeff Carter.
7:12 of 1st period - Deflect By Travis Zajac.
7:12 of 1st period - Shot Misses the Net.
7:35 of 1st period - Minor Penalty to Johnny Oduya for High sticking.
7:36 of 1st period - Henrik Sedin wins face-off versus Kyle Turris in Sabres zone.
7:36 of 1st period - Kevin Klein is hit by Dan Girardi and loses puck.
9:06 of 1st period - Shot by Johnny Gaudreau.
9:06 of 1st period - Shot Misses the Net.
9:21 of 1st period - Shot by David Schlemko.
9:21 of 1st period - Shot Misses the Net.
10:15 of 1st period - Off-side.
10:16 of 1st period - Kyle Turris wins face-off versus Patric Hornqvist in neutral zone.
10:39 of 1st period - Icing by Andrej Sekera.
10:40 of 1st period - Henrik Sedin wins face-off versus Ryan Nugent-Hopkins in Lightning zone.
10:42 of 1st period - Andrej Sekera is hit by Thomas Vanek and loses puck.
10:59 of 1st period - Shot by Thomas Vanek.
10:59 of 1st period - Shot Misses the Net.
11:41 of 1st period - Shot by Bo Horvat.
11:41 of 1st period - Goal by Bo Horvat - Sabres : 2 - Lightning : 2.
11:42 of 1st period - Kyle Turris wins face-off versus Jeff Carter in neutral zone.
12:34 of 1st period - Kyle Turris is hit by Andre Benoit and loses puck.
12:49 of 1st period - Shot by Troy Brouwer.
12:49 of 1st period - Stopped by Ondrej Pavelec without a rebound.
12:50 of 1st period - Tobias Rieder wins face-off versus Bo Horvat in Sabres zone.
12:50 of 1st period - Tobias Rieder is hit by Dan Girardi.
12:58 of 1st period - Shot by Radim Vrbata.
12:58 of 1st period - Shot Misses the Net.
13:11 of 1st period - Icing by Rasmus Ristolainen.
13:12 of 1st period - Eric Fehr wins face-off versus Brett Connolly in Sabres zone.
13:27 of 1st period - Shot by Troy Brouwer.
13:27 of 1st period - Shot Misses the Net.
13:29 of 1st period - Shot by David Schlemko.
13:29 of 1st period - Shot Blocked by Lars Eller.
14:36 of 1st period - Shot by Travis Zajac.
14:36 of 1st period - Stopped by Ondrej Pavelec without a rebound.
14:37 of 1st period - Henrik Sedin wins face-off versus Jason Zucker in Sabres zone.
14:38 of 1st period - Shot by Patric Hornqvist.
14:38 of 1st period - Shot Misses the Net.
14:40 of 1st period - Shot by Patric Hornqvist.
14:40 of 1st period - Stopped by Ondrej Pavelec without a rebound.
14:41 of 1st period - Kyle Turris wins face-off versus Henrik Sedin in Sabres zone.
14:52 of 1st period - Shot by Kyle Turris.
14:52 of 1st period - Stopped by Jaroslav Halak without a rebound.
14:53 of 1st period - Jeff Carter wins face-off versus Bo Horvat in Lightning zone.
15:00 of 1st period - Shot by Bo Horvat.
15:00 of 1st period - Deflect By Brett Connolly.
15:00 of 1st period - Shot Blocked by Kevin Klein.
15:20 of 1st period - Shot by Jeff Carter.
15:20 of 1st period - Stopped by Ondrej Pavelec without a rebound.
15:21 of 1st period - Henrik Sedin wins face-off versus Kyle Turris in Sabres zone.
15:24 of 1st period - Shot by Patric Hornqvist.
15:24 of 1st period - Stopped by Ondrej Pavelec without a rebound.
15:25 of 1st period - Henrik Sedin wins face-off versus Kyle Turris in Sabres zone.
16:03 of 1st period - Kyle Turris is hit by Erik Gudbranson and loses puck.
16:06 of 1st period - Shot by Kyle Turris.
16:06 of 1st period - Shot Misses the Net.
16:44 of 1st period - Shot by Jeff Carter.
16:44 of 1st period - Shot Misses the Net.
16:46 of 1st period - Shot by Travis Zajac.
16:46 of 1st period - Stopped by Ondrej Pavelec without a rebound.
16:47 of 1st period - Ryan Nugent-Hopkins wins face-off versus Eric Fehr in Sabres zone.
17:06 of 1st period - Shot by Ryan Nugent-Hopkins.
17:06 of 1st period - Stopped by Jaroslav Halak without a rebound.
17:07 of 1st period - Zach Hyman wins face-off versus Travis Zajac in Lightning zone.
17:18 of 1st period - Shot by Anders Lee.
17:18 of 1st period - Shot Blocked by Andrej Sekera.
17:22 of 1st period - Shot by Patrick Eaves.
17:22 of 1st period - Stopped by Jaroslav Halak without a rebound.
17:23 of 1st period - Eric Fehr wins face-off versus Kyle Turris in Lightning zone.
17:56 of 1st period - Shot by Nick Spaling.
17:56 of 1st period - Deflect By Eric Fehr.
17:56 of 1st period - Shot Misses the Net.
18:20 of 1st period - Jason Zucker is hit by Kevin Klein and loses puck.
18:21 of 1st period - Minor Penalty to Kevin Klein for Cross-checking.
18:22 of 1st period - Tobias Rieder wins face-off versus Bo Horvat in Lightning zone.
18:35 of 1st period - Shot by Bo Horvat.
18:35 of 1st period - Shot Blocked by Troy Brouwer.
18:41 of 1st period - Shot by Bo Horvat.
18:41 of 1st period - Stopped by Jaroslav Halak without a rebound.
18:42 of 1st period - Tobias Rieder wins face-off versus Bo Horvat in Lightning zone.
18:42 of 1st period - Tobias Rieder is hit by Brett Connolly.
Goals for this period are 2 for Sabres vs 2 for Lightning.
Shots for this period are 8 for Sabres vs 10 for Lightning.

2nd period


0:01 of 2nd period - Kyle Turris wins face-off versus Tobias Rieder in neutral zone.
0:12 of 2nd period - Shot by Nino Niederreiter.
0:12 of 2nd period - Shot Misses the Net.
0:45 of 2nd period - Johnny Gaudreau is hit by Brett Connolly.
0:59 of 2nd period - Cody Franson is hit by Jeff Carter.
1:01 of 2nd period - Shot by Bo Horvat.
1:01 of 2nd period - Stopped by Jaroslav Halak without a rebound.
1:02 of 2nd period - Kyle Turris wins face-off versus Henrik Sedin in Lightning zone.
1:15 of 2nd period - Shot by Henrik Sedin.
1:15 of 2nd period - Deflect By Patric Hornqvist.
1:15 of 2nd period - Goal by Patric Hornqvist - Sabres : 2 - Lightning : 3.
1:16 of 2nd period - Eric Fehr wins face-off versus Kris Versteeg in neutral zone.
1:16 of 2nd period - Erik Gudbranson is hit by Kris Versteeg and loses puck.
1:29 of 2nd period - Minor Penalty to Brian Campbell for Holding.
1:30 of 2nd period - Travis Zajac wins face-off versus Kyle Turris in Sabres zone.
1:41 of 2nd period - Shot by Tobias Rieder.
1:41 of 2nd period - Stopped by Ondrej Pavelec without a rebound.
1:42 of 2nd period - Henrik Sedin wins face-off versus Kyle Turris in Sabres zone.
2:00 of 2nd period - Off-side.
2:01 of 2nd period - Kyle Turris wins face-off versus Travis Zajac in neutral zone.
3:00 of 2nd period - Shot by Nino Niederreiter.
3:00 of 2nd period - Stopped by Jaroslav Halak with a rebound.
3:18 of 2nd period - Shot by Troy Brouwer.
3:18 of 2nd period - Shot Misses the Net.
4:01 of 2nd period - Tomas Fleischmann is hit by Johnny Oduya and loses puck.
4:45 of 2nd period - Icing by Jake McCabe.
4:46 of 2nd period - Ryan Nugent-Hopkins wins face-off versus Eric Fehr in Sabres zone.
4:46 of 2nd period - Ryan Nugent-Hopkins is hit by Nick Spaling.
5:19 of 2nd period - Icing by Troy Brouwer.
5:20 of 2nd period - Eric Fehr wins face-off versus Kyle Turris in Lightning zone.
5:31 of 2nd period - Shot by Troy Brouwer.
5:31 of 2nd period - Stopped by Ondrej Pavelec without a rebound.
5:32 of 2nd period - Bo Horvat wins face-off versus Travis Zajac in Sabres zone.
5:32 of 2nd period - Bo Horvat is hit by Jeff Carter.
5:42 of 2nd period - Shot by Lars Eller.
5:42 of 2nd period - Stopped by Jaroslav Halak without a rebound.
5:43 of 2nd period - Henrik Sedin wins face-off versus Kyle Turris in Lightning zone.
6:24 of 2nd period - Shot by Henrik Sedin.
6:24 of 2nd period - Goal by Henrik Sedin - Sabres : 2 - Lightning : 4.
6:24 of 2nd period - Thomas Greiss enters game.
6:25 of 2nd period - Travis Zajac wins face-off versus Bo Horvat in neutral zone.
6:34 of 2nd period - Shot by Jeff Carter.
6:34 of 2nd period - Deflect By Johnny Gaudreau.
6:34 of 2nd period - Shot Misses the Net.
7:18 of 2nd period - Ryan Nugent-Hopkins is hit by Jeff Carter and loses puck.
7:22 of 2nd period - Icing by Jake McCabe.
7:23 of 2nd period - Ryan Nugent-Hopkins wins face-off versus Tomas Fleischmann in Sabres zone.
7:23 of 2nd period - Ryan Nugent-Hopkins is hit by Patric Hornqvist.
7:36 of 2nd period - Icing by Cody Franson.
7:37 of 2nd period - Ryan Nugent-Hopkins wins face-off versus Eric Fehr in Sabres zone.
8:10 of 2nd period - Shot by Jake McCabe.
8:10 of 2nd period - Stopped by Jaroslav Halak without a rebound.
8:11 of 2nd period - Henrik Sedin wins face-off versus Kyle Turris in Lightning zone.
8:31 of 2nd period - Shot by Henrik Sedin.
8:31 of 2nd period - Stopped by Thomas Greiss with a rebound.
9:02 of 2nd period - Icing by Dan Girardi.
9:03 of 2nd period - Travis Zajac wins face-off versus Kyle Turris in Sabres zone.
9:10 of 2nd period - Shot by Johnny Gaudreau.
9:10 of 2nd period - Stopped by Thomas Greiss without a rebound.
9:11 of 2nd period - Travis Zajac wins face-off versus Bo Horvat in Sabres zone.
9:23 of 2nd period - Shot by Bo Horvat.
9:23 of 2nd period - Stopped by Jaroslav Halak with a rebound.
9:26 of 2nd period - Icing by Kevin Klein.
9:27 of 2nd period - Travis Zajac wins face-off versus Anders Lee in Lightning zone.
9:44 of 2nd period - Shot by Travis Zajac.
9:44 of 2nd period - Shot Misses the Net.
9:46 of 2nd period - Shot by Travis Zajac.
9:46 of 2nd period - Stopped by Thomas Greiss without a rebound.
9:47 of 2nd period - Bo Horvat wins face-off versus Henrik Sedin in Sabres zone.
9:47 of 2nd period - Bo Horvat is hit by Patric Hornqvist.
10:45 of 2nd period - Off-side.
10:46 of 2nd period - Travis Zajac wins face-off versus Kyle Turris in neutral zone.
10:46 of 2nd period - Kevin Klein is hit by Kyle Turris.
11:17 of 2nd period - Shot by Travis Zajac.
11:17 of 2nd period - Stopped by Thomas Greiss with a rebound.
11:27 of 2nd period - Rasmus Ristolainen is hit by Jeff Carter and loses puck.
11:57 of 2nd period - Shot by Thomas Vanek.
11:57 of 2nd period - Deflect By Ryan Nugent-Hopkins.
11:57 of 2nd period - Goal by Ryan Nugent-Hopkins - Sabres : 3 - Lightning : 4.
11:58 of 2nd period - Bo Horvat wins face-off versus Tobias Rieder in neutral zone.
12:05 of 2nd period - Shot by Lars Eller.
12:05 of 2nd period - Shot Misses the Net.
12:07 of 2nd period - Shot by Brett Connolly.
12:07 of 2nd period - Stopped by Jaroslav Halak without a rebound.
12:08 of 2nd period - Eric Fehr wins face-off versus Zach Hyman in Lightning zone.
12:18 of 2nd period - Shot by Nick Spaling.
12:18 of 2nd period - Stopped by Thomas Greiss without a rebound.
12:19 of 2nd period - Henrik Sedin wins face-off versus Bo Horvat in Sabres zone.
12:38 of 2nd period - Shot by Patric Hornqvist.
12:38 of 2nd period - Deflect By Henrik Sedin.
12:38 of 2nd period - Shot Misses the Net.
12:40 of 2nd period - Shot by Andre Benoit.
12:40 of 2nd period - Stopped by Thomas Greiss without a rebound.
12:41 of 2nd period - Kyle Turris wins face-off versus Travis Zajac in Sabres zone.
13:09 of 2nd period - Icing by Brian Campbell.
13:10 of 2nd period - Henrik Sedin wins face-off versus Kyle Turris in Sabres zone.
13:11 of 2nd period - Shot by Tomas Fleischmann.
13:11 of 2nd period - Stopped by Thomas Greiss without a rebound.
13:12 of 2nd period - Henrik Sedin wins face-off versus Brett Connolly in Sabres zone.
13:20 of 2nd period - Brett Connolly is hit by Erik Gudbranson and loses puck.
14:35 of 2nd period - Shot by Kyle Turris.
14:35 of 2nd period - Shot Misses the Net.
14:42 of 2nd period - Icing by Travis Zajac.
14:43 of 2nd period - Ryan Nugent-Hopkins wins face-off versus Travis Zajac in Lightning zone.
14:47 of 2nd period - Thomas Vanek is hit by Kevin Klein and loses puck.
14:53 of 2nd period - Icing by Kevin Klein.
14:54 of 2nd period - Zach Hyman wins face-off versus Travis Zajac in Lightning zone.
15:17 of 2nd period - Shot by Patrick Eaves.
15:17 of 2nd period - Stopped by Jaroslav Halak without a rebound.
15:18 of 2nd period - Kyle Turris wins face-off versus Patric Hornqvist in Lightning zone.
15:31 of 2nd period - Shot by Kyle Turris.
15:31 of 2nd period - Shot Misses the Net.
16:36 of 2nd period - Shot by Brett Connolly.
16:36 of 2nd period - Stopped by Jaroslav Halak without a rebound.
16:37 of 2nd period - Ryan Nugent-Hopkins wins face-off versus Travis Zajac in Lightning zone.
16:49 of 2nd period - Icing by Andrej Sekera.
16:50 of 2nd period - Travis Zajac wins face-off versus Zach Hyman in Lightning zone.
16:50 of 2nd period - Travis Zajac is hit by Zach Hyman.
17:50 of 2nd period - Shot by Nick Spaling.
17:50 of 2nd period - Deflect By Troy Brouwer.
17:50 of 2nd period - Stopped by Thomas Greiss with a rebound.
17:52 of 2nd period - Shot by Eric Fehr.
17:52 of 2nd period - Shot Misses the Net.
17:54 of 2nd period - Shot by Eric Fehr.
17:54 of 2nd period - Stopped by Thomas Greiss without a rebound.
17:55 of 2nd period - Henrik Sedin wins face-off versus Bo Horvat in Sabres zone.
19:10 of 2nd period - Andrej Sekera is hit by Brett Connolly.
19:38 of 2nd period - Shot by Troy Brouwer.
19:38 of 2nd period - Shot Misses the Net.
Goals for this period are 1 for Sabres vs 2 for Lightning.
Shots for this period are 9 for Sabres vs 13 for Lightning.

3rd period


0:01 of 3rd period - Travis Zajac wins face-off versus Kyle Turris in neutral zone.
0:20 of 3rd period - Shot by Johnny Gaudreau.
0:20 of 3rd period - Stopped by Thomas Greiss without a rebound.
0:21 of 3rd period - Henrik Sedin wins face-off versus Thomas Vanek in Sabres zone.
1:12 of 3rd period - Off-side.
1:13 of 3rd period - Kyle Turris wins face-off versus Travis Zajac in neutral zone.
1:16 of 3rd period - Shot by Nino Niederreiter.
1:16 of 3rd period - Stopped by Jaroslav Halak with a rebound.
1:25 of 3rd period - Off-side.
1:26 of 3rd period - Eric Fehr wins face-off versus Bo Horvat in neutral zone.
1:50 of 3rd period - Icing by David Schlemko.
1:51 of 3rd period - Kyle Turris wins face-off versus Eric Fehr in Lightning zone.
2:13 of 3rd period - Off-side.
2:14 of 3rd period - Brett Connolly wins face-off versus Travis Zajac in neutral zone.
2:37 of 3rd period - Shot by Kevin Klein.
2:37 of 3rd period - Shot Misses the Net.
2:39 of 3rd period - Shot by Travis Zajac.
2:39 of 3rd period - Stopped by Thomas Greiss without a rebound.
2:40 of 3rd period - Tobias Rieder wins face-off versus Kyle Turris in Sabres zone.
2:43 of 3rd period - Shot by Tobias Rieder.
2:43 of 3rd period - Shot Blocked by Rasmus Ristolainen.
2:45 of 3rd period - Shot by Tobias Rieder.
2:45 of 3rd period - Shot Misses the Net.
2:47 of 3rd period - Shot by Radim Vrbata.
2:47 of 3rd period - Shot Misses the Net.
2:57 of 3rd period - Shot by Radim Vrbata.
2:57 of 3rd period - Stopped by Thomas Greiss without a rebound.
2:58 of 3rd period - Ryan Nugent-Hopkins wins face-off versus Travis Zajac in Sabres zone.
4:20 of 3rd period - Shot by Patric Hornqvist.
4:20 of 3rd period - Shot Misses the Net.
5:10 of 3rd period - Shot by Eric Fehr.
5:10 of 3rd period - Shot Misses the Net.
5:50 of 3rd period - Shot by Johnny Gaudreau.
5:50 of 3rd period - Stopped by Thomas Greiss with a rebound.
5:52 of 3rd period - Shot by Johnny Gaudreau.
5:52 of 3rd period - Stopped by Thomas Greiss without a rebound.
5:53 of 3rd period - Bo Horvat wins face-off versus Tobias Rieder in Sabres zone.
5:57 of 3rd period - Bo Horvat is hit by Erik Gudbranson and loses puck.
7:52 of 3rd period - Icing by Zach Hyman.
7:53 of 3rd period - Zach Hyman wins face-off versus Eric Fehr in Sabres zone.
8:58 of 3rd period - Shot by Lars Eller.
8:58 of 3rd period - Goal by Lars Eller - Sabres : 4 - Lightning : 4.
8:59 of 3rd period - Kyle Turris wins face-off versus Travis Zajac in neutral zone.
9:12 of 3rd period - Shot by Jason Zucker.
9:12 of 3rd period - Stopped by Jaroslav Halak with a rebound.
9:14 of 3rd period - Shot by Nino Niederreiter.
9:14 of 3rd period - Shot Blocked by Johnny Gaudreau.
9:16 of 3rd period - Shot by Brian Campbell.
9:16 of 3rd period - Shot Misses the Net.
9:20 of 3rd period - Shot by Kyle Turris.
9:20 of 3rd period - Shot Hit the Post.
9:34 of 3rd period - Shot by Nino Niederreiter.
9:34 of 3rd period - Stopped by Jaroslav Halak without a rebound.
9:35 of 3rd period - Bo Horvat wins face-off versus Tomas Fleischmann in Lightning zone.
9:38 of 3rd period - Shot by Bo Horvat.
9:38 of 3rd period - Stopped by Jaroslav Halak without a rebound.
9:39 of 3rd period - Henrik Sedin wins face-off versus Brett Connolly in Lightning zone.
9:44 of 3rd period - Bo Horvat is hit by Patric Hornqvist and loses puck.
10:13 of 3rd period - Shot by Patric Hornqvist.
10:13 of 3rd period - Stopped by Thomas Greiss without a rebound.
10:14 of 3rd period - Travis Zajac wins face-off versus Kyle Turris in Sabres zone.
10:24 of 3rd period - Travis Zajac is hit by Dan Girardi and loses puck.
10:35 of 3rd period - Shot by Nino Niederreiter.
10:35 of 3rd period - Shot Misses the Net.
10:57 of 3rd period - Shot by Jason Zucker.
10:57 of 3rd period - Shot Blocked by Erik Gudbranson.
11:38 of 3rd period - Ryan Nugent-Hopkins is hit by Kevin Klein and loses puck.
11:40 of 3rd period - Minor Penalty to Andrej Sekera for Holding.
11:41 of 3rd period - Lars Eller wins face-off versus Tobias Rieder in Lightning zone.
11:54 of 3rd period - Shot by Rasmus Ristolainen.
11:54 of 3rd period - Stopped by Jaroslav Halak without a rebound.
11:55 of 3rd period - Kyle Turris wins face-off versus Tobias Rieder in Lightning zone.
12:12 of 3rd period - Shot by Nino Niederreiter.
12:12 of 3rd period - Shot Misses the Net.
12:14 of 3rd period - Shot by Johnny Oduya.
12:14 of 3rd period - Shot Blocked by Andre Benoit.
12:16 of 3rd period - Shot by Jason Zucker.
12:16 of 3rd period - Shot Misses the Net.
12:34 of 3rd period - Kevin Klein is hit by Jason Zucker and loses puck.
13:33 of 3rd period - Eric Fehr is hit by Brett Connolly and loses puck.
14:06 of 3rd period - Shot by Tomas Fleischmann.
14:06 of 3rd period - Shot Misses the Net.
14:12 of 3rd period - Shot by Henrik Sedin.
14:12 of 3rd period - Stopped by Thomas Greiss without a rebound.
14:13 of 3rd period - Travis Zajac wins face-off versus Jason Zucker in Sabres zone.
14:42 of 3rd period - Shot by Nino Niederreiter.
14:42 of 3rd period - Shot Misses the Net.
14:44 of 3rd period - Shot by Jason Zucker.
14:44 of 3rd period - Deflect By Nino Niederreiter.
14:44 of 3rd period - Stopped by Jaroslav Halak with a rebound.
14:46 of 3rd period - Shot by Kyle Turris.
14:46 of 3rd period - Goal by Kyle Turris - Sabres : 5 - Lightning : 4.
14:47 of 3rd period - Henrik Sedin wins face-off versus Zach Hyman in neutral zone.
14:47 of 3rd period - Henrik Sedin is hit by Anders Lee.
14:56 of 3rd period - Icing by Patrick Eaves.
14:57 of 3rd period - Eric Fehr wins face-off versus Zach Hyman in Sabres zone.
14:57 of 3rd period - Troy Brouwer is hit by Cody Franson and loses puck.
15:04 of 3rd period - Shot by Eric Fehr.
15:04 of 3rd period - Stopped by Thomas Greiss without a rebound.
15:05 of 3rd period - Travis Zajac wins face-off versus Kyle Turris in Sabres zone.
15:14 of 3rd period - Shot by Johnny Gaudreau.
15:14 of 3rd period - Stopped by Thomas Greiss with a rebound.
15:16 of 3rd period - Shot by Kevin Klein.
15:16 of 3rd period - Shot Misses the Net.
15:18 of 3rd period - Shot by Travis Zajac.
15:18 of 3rd period - Stopped by Thomas Greiss without a rebound.
15:19 of 3rd period - Henrik Sedin wins face-off versus Bo Horvat in Sabres zone.
15:54 of 3rd period - Shot by Patric Hornqvist.
15:54 of 3rd period - Shot Misses the Net.
16:02 of 3rd period - Shot by David Schlemko.
16:02 of 3rd period - Stopped by Thomas Greiss without a rebound.
16:03 of 3rd period - Kyle Turris wins face-off versus Travis Zajac in Sabres zone.
16:05 of 3rd period - Icing by Jason Zucker.
16:06 of 3rd period - Travis Zajac wins face-off versus Kyle Turris in Sabres zone.
16:09 of 3rd period - Shot by Johnny Gaudreau.
16:09 of 3rd period - Shot Blocked by Dan Girardi.
16:49 of 3rd period - Shot by Travis Zajac.
16:49 of 3rd period - Shot Misses the Net.
17:08 of 3rd period - Icing by Dan Girardi.
17:09 of 3rd period - Kyle Turris wins face-off versus Henrik Sedin in Sabres zone.
17:14 of 3rd period - Shot by Henrik Sedin.
17:14 of 3rd period - Shot Misses the Net.
17:16 of 3rd period - Shot by Tomas Fleischmann.
17:16 of 3rd period - Shot Blocked by Rasmus Ristolainen.
17:18 of 3rd period - Shot by Patric Hornqvist.
17:18 of 3rd period - Goal by Patric Hornqvist - Sabres : 5 - Lightning : 5.
17:19 of 3rd period - Eric Fehr wins face-off versus Bo Horvat in neutral zone.
17:25 of 3rd period - Icing by Johnny Oduya.
17:26 of 3rd period - Bo Horvat wins face-off versus Henrik Sedin in Sabres zone.
17:30 of 3rd period - Johnny Oduya is hit by Patric Hornqvist and loses puck.
17:38 of 3rd period - Icing by Christian Ehrhoff.
17:39 of 3rd period - Ryan Nugent-Hopkins wins face-off versus Henrik Sedin in Lightning zone.
18:17 of 3rd period - Shot by Patric Hornqvist.
18:17 of 3rd period - Deflect By Tomas Fleischmann.
18:17 of 3rd period - Shot Misses the Net.
18:29 of 3rd period - Shot by Travis Zajac.
18:29 of 3rd period - Shot Misses the Net.
18:31 of 3rd period - Shot by Kevin Klein.
18:31 of 3rd period - Stopped by Thomas Greiss without a rebound.
18:32 of 3rd period - Kyle Turris wins face-off versus Eric Fehr in Sabres zone.
18:32 of 3rd period - Kyle Turris is hit by Troy Brouwer.
18:35 of 3rd period - Rasmus Ristolainen is hit by Troy Brouwer and loses puck.
19:04 of 3rd period - Shot by Eric Fehr.
19:04 of 3rd period - Stopped by Thomas Greiss without a rebound.
19:05 of 3rd period - Travis Zajac wins face-off versus Bo Horvat in Sabres zone.
19:05 of 3rd period - Travis Zajac is hit by Brian Campbell.
19:09 of 3rd period - Shot by Johnny Gaudreau.
19:09 of 3rd period - Stopped by Thomas Greiss without a rebound.
19:10 of 3rd period - Bo Horvat wins face-off versus Travis Zajac in Sabres zone.
Goals for this period are 2 for Sabres vs 1 for Lightning.
Shots for this period are 8 for Sabres vs 15 for Lightning.

Overtime #1


0:01 of 1st overtime period - Kyle Turris wins face-off versus Patric Hornqvist in neutral zone.
0:10 of 1st overtime period - Shot by Kyle Turris.
0:10 of 1st overtime period - Goal by Kyle Turris - Sabres : 6 - Lightning : 5.
Goals for this period are 1 for Sabres vs 0 for Lightning.
Shots for this period are 1 for Sabres vs 0 for Lightning.